[ AOE2 MATCH · #504871427 ]
UnrankedVietnamese vs Turks
Player's team · LOSS
Rival team · WIN
[ REPLAY ANALYSIS · EXTRACTED FROM THE RECORDED GAME ]
Feudal
14:17
Castle
17:48
Imperial
—
| APM avg | 41.7 |
| APM peak | 81 |
| eAPM avg | 23.2 |
| Villagers / military | 101 / 39 |
Focus
⚔️ 28.0% · 🌾 72.0%
Skirmisher ×28 · Spearman ×7 · Militia ×4
Feudal
9:41
Castle
21:26
Imperial
—
| APM avg | 61.8 |
| APM peak | 110 |
| eAPM avg | 25.3 |
| Villagers / military | 82 / 36 |
Focus
⚔️ 24.4% · 🌾 75.6%
Scout Cavalry ×19 · Cavalry Archer ×16 · Spearman ×1
Match map
Initial resources + every placement click. Lines = walls · curves = elevation contours. ◆ gold · ⬟ stone · ● berries · ✦ relic · ◌ wall gap
Your base· ✓ Closed at 17:48 · 31t walls · 1 gate(s)
ForgeableSum's base· Open — unwalled flank
Smoothed initial terrain · ◌ = detected wall gap · hover for details
Inputs per minute
— lapoejs - - ForgeableSum
Build order — lapoejs
First 150 of 232 actions detected
| 0:00 | Queue | Villager (Male) ×4 |
| 0:02 | Build | House |
| 0:04 | Build | House |
| 1:23 | Queue | Villager (Male) |
| 1:44 | Build | Lumber Camp |
| 2:02 | Queue | Villager (Male) |
| 2:14 | Queue | Villager (Male) |
| 2:34 | Queue | Villager (Male) |
| 3:09 | Queue | Villager (Male) |
| 3:45 | Queue | Villager (Male) |
| 3:49 | Build | House |
| 4:01 | Queue | Villager (Male) |
| 4:20 | Queue | Villager (Male) |
| 4:30 | Build | Barracks |
| 4:46 | Queue | Villager (Male) |
| 4:46 | Queue | Villager (Male) |
| 4:54 | Build | House |
| 5:23 | Queue | Villager (Male) |
| 5:26 | Queue | Militia |
| 5:26 | Queue | Militia |
| 5:33 | Build | Palisade Wall |
| 5:40 | Queue | Militia |
| 5:42 | Queue | Villager (Male) |
| 6:03 | Build | House |
| 6:05 | Queue | Villager (Male) |
| 6:21 | Queue | Militia |
| 6:23 | Queue | Villager (Male) |
| 6:51 | Queue | Villager (Male) |
| 7:06 | Build | Palisade Gate |
| 7:09 | Build | Palisade Wall |
| 7:21 | Queue | Villager (Male) |
| 7:34 | Build | Mill |
| 7:41 | Queue | Villager (Male) |
| 8:01 | Queue | Villager (Male) |
| 8:03 | Build | House |
| 8:28 | Build | Farm |
| 8:40 | Queue | Villager (Male) |
| 9:11 | Queue | Villager (Male) |
| 9:15 | Build | House |
| 9:35 | Queue | Villager (Male) |
| 9:37 | Build | Farm |
| 9:39 | Build | Farm |
| 9:44 | Queue | Villager (Male) |
| 9:48 | Build | Farm |
| 10:03 | Build | Farm |
| 10:21 | Build | House |
| 10:27 | Queue | Villager (Male) |
| 10:39 | Build | Mining Camp |
| 11:17 | Queue | Villager (Male) |
| 11:42 | Research | Loom |
| 11:42 | Research | Feudal Age |
| 12:12 | Build | Lumber Camp |
| 13:37 | Queue | Villager (Male) |
| 13:37 | Queue | Villager (Male) |
| 14:17 | Age | Feudal Age |
| 14:19 | Build | Market |
| 14:22 | Build | Blacksmith |
| 14:29 | Research | Double-Bit Axe |
| 15:05 | Research | Castle Age |
| 15:10 | Queue | Spearman |
| 15:11 | Queue | Spearman |
| 15:37 | Build | House |
| 15:47 | Research | Gold Mining |
| 16:17 | Build | House |
| 16:20 | Build | Palisade Wall |
| 16:36 | Research | Town Watch |
| 16:42 | Build | Palisade Wall |
| 17:13 | Research | Horse Collar |
| 17:48 | Age | Castle Age |
| 17:49 | Build | Town Center |
| 17:52 | Build | Town Center |
| 17:58 | Research | Bow Saw |
| 18:04 | Queue | Villager (Male) |
| 18:09 | Build | Farm |
| 18:13 | Research | Heavy Plow |
| 18:16 | Build | Farm |
| 18:17 | Queue | Spearman |
| 18:29 | Queue | Spearman |
| 18:29 | Queue | Spearman |
| 18:36 | Build | Farm |
| 18:47 | Queue | Villager (Male) |
| 18:47 | Queue | Villager (Male) |
| 18:51 | Build | Farm |
| 18:53 | Build | Farm |
| 18:53 | Build | Farm |
| 18:53 | Build | Farm |
| 18:53 | Build | Farm |
| 19:06 | Queue | Villager (Male) |
| 19:08 | Queue | Villager (Male) |
| 19:10 | Build | Farm |
| 19:11 | Build | Farm |
| 19:14 | Build | Farm |
| 19:16 | Queue | Villager (Male) |
| 19:31 | Build | Farm |
| 19:34 | Build | Farm |
| 19:34 | Queue | Villager (Male) |
| 19:34 | Queue | Villager (Male) |
| 19:41 | Build | Farm |
| 19:51 | Queue | Villager (Male) |
| 19:59 | Build | Farm |
| 20:02 | Queue | Villager (Male) |
| 20:07 | Build | House |
| 20:10 | Queue | Villager (Male) |
| 20:13 | Queue | Spearman |
| 20:21 | Queue | Villager (Male) |
| 20:28 | Build | Farm |
| 20:29 | Build | Farm |
| 20:29 | Queue | Villager (Male) |
| 20:30 | Queue | Villager (Male) |
| 20:30 | Queue | Villager (Male) |
| 20:34 | Build | House |
| 20:35 | Build | Palisade Wall |
| 20:38 | Queue | Spearman |
| 20:45 | Queue | Villager (Male) |
| 20:45 | Queue | Villager (Male) |
| 20:47 | Build | Farm |
| 20:53 | Build | Farm |
| 20:59 | Queue | Villager (Male) |
| 21:00 | Queue | Villager (Male) |
| 21:07 | Build | Farm |
| 21:09 | Queue | Villager (Male) |
| 21:25 | Queue | Villager (Male) |
| 21:25 | Queue | Villager (Male) |
| 21:27 | Build | Farm |
| 21:33 | Queue | Villager (Male) |
| 21:34 | Queue | Villager (Male) |
| 21:34 | Queue | Villager (Male) |
| 21:44 | Queue | Villager (Male) |
| 21:46 | Build | Farm |
| 21:49 | Build | Farm |
| 21:51 | Build | Farm |
| 21:54 | Build | House |
| 21:55 | Build | House |
| 22:03 | Research | Fletching |
| 22:04 | Research | Padded Archer Armor |
| 22:06 | Queue | Villager (Male) |
| 22:11 | Build | Farm |
| 22:13 | Queue | Villager (Male) |
| 22:17 | Queue | Villager (Male) |
| 22:22 | Build | Archery Range |
| 22:31 | Research | Padded Archer Armor |
| 22:31 | Research | Padded Archer Armor |
| 22:38 | Queue | Villager (Male) |
| 22:38 | Queue | Villager (Male) |
| 22:39 | Queue | Villager (Male) |
| 22:39 | Queue | Villager (Male) |
| 22:41 | Build | Farm |
| 22:44 | Queue | Villager (Male) |
| 22:47 | Build | Farm |
| 22:48 | Queue | Villager (Male) |
Build order — ForgeableSum
First 150 of 200 actions detected
| 0:01 | Queue | Villager (Male) |
| 0:02 | Build | House |
| 0:02 | Queue | Villager (Male) |
| 0:04 | Build | House |
| 0:13 | Queue | Villager (Male) |
| 0:19 | Queue | Villager (Male) |
| 1:25 | Queue | Villager (Male) |
| 2:02 | Queue | Villager (Male) |
| 2:12 | Queue | Villager (Male) |
| 2:19 | Build | Lumber Camp |
| 2:39 | Build | Lumber Camp |
| 2:56 | Queue | Villager (Male) |
| 2:57 | Queue | Villager (Male) |
| 3:36 | Queue | Villager (Male) |
| 3:37 | Queue | Villager (Male) |
| 3:48 | Build | House |
| 3:56 | Build | House |
| 3:57 | Build | House |
| 4:25 | Queue | Villager (Male) |
| 4:26 | Queue | Villager (Male) |
| 4:33 | Queue | Villager (Male) |
| 4:57 | Queue | Villager (Male) |
| 5:20 | Queue | Villager (Male) |
| 5:55 | Queue | Villager (Male) |
| 6:31 | Build | Mill |
| 6:43 | Research | Loom |
| 7:31 | Research | Feudal Age |
| 8:47 | Queue | Villager (Male) |
| 9:04 | Build | House |
| 9:10 | Build | House |
| 9:18 | Build | House |
| 9:21 | Build | Palisade Wall |
| 9:39 | Build | Barracks |
| 9:41 | Age | Feudal Age |
| 9:44 | Build | Barracks |
| 9:48 | Research | Double-Bit Axe |
| 10:04 | Build | Farm |
| 10:06 | Build | Farm |
| 10:08 | Build | Farm |
| 10:11 | Queue | Villager (Male) |
| 10:16 | Build | Palisade Wall |
| 10:23 | Build | Farm |
| 10:24 | Queue | Villager (Male) |
| 10:43 | Queue | Spearman |
| 11:05 | Build | Stable |
| 11:19 | Build | Farm |
| 11:22 | Queue | Villager (Male) |
| 11:35 | Queue | Villager (Male) |
| 11:37 | Queue | Villager (Male) |
| 11:41 | Build | Farm |
| 12:01 | Queue | Scout Cavalry |
| 12:06 | Build | Farm |
| 12:08 | Queue | Villager (Male) |
| 12:40 | Queue | Scout Cavalry |
| 12:42 | Build | Farm |
| 12:44 | Build | Farm |
| 12:46 | Build | Farm |
| 13:01 | Queue | Villager (Male) |
| 13:22 | Queue | Villager (Male) |
| 13:36 | Queue | Scout Cavalry |
| 13:40 | Build | Farm |
| 13:43 | Build | Farm |
| 13:44 | Queue | Villager (Male) |
| 14:06 | Queue | Scout Cavalry |
| 14:11 | Queue | Villager (Male) |
| 14:20 | Build | House |
| 14:26 | Queue | Villager (Male) |
| 14:44 | Queue | Scout Cavalry |
| 14:51 | Queue | Villager (Male) |
| 15:00 | Build | Farm |
| 15:00 | Build | Farm |
| 15:01 | Build | Farm |
| 15:01 | Build | Farm |
| 15:02 | Queue | Villager (Male) |
| 15:21 | Queue | Villager (Male) |
| 15:28 | Queue | Scout Cavalry |
| 15:34 | Build | House |
| 15:37 | Build | House |
| 15:52 | Queue | Villager (Male) |
| 15:55 | Build | Mining Camp |
| 15:58 | Build | Mining Camp |
| 16:07 | Queue | Villager (Male) |
| 16:25 | Queue | Villager (Male) |
| 16:33 | Queue | Villager (Male) |
| 16:35 | Build | Farm |
| 16:37 | Queue | Villager (Male) |
| 16:49 | Queue | Villager (Male) |
| 17:23 | Build | Market |
| 17:37 | Queue | Villager (Male) |
| 17:42 | Build | Farm |
| 18:04 | Build | Blacksmith |
| 18:31 | Build | Archery Range |
| 18:46 | Research | Castle Age |
| 18:58 | Queue | Villager (Male) |
| 19:01 | Build | Archery Range |
| 19:10 | Queue | Scout Cavalry |
| 19:53 | Build | Farm |
| 19:54 | Build | Farm |
| 20:12 | Build | Mining Camp |
| 21:26 | Age | Castle Age |
| 21:29 | Queue | Cavalry Archer |
| 21:29 | Queue | Cavalry Archer |
| 21:29 | Queue | Cavalry Archer |
| 21:35 | Research | Fletching |
| 21:39 | Build | Town Center |
| 21:42 | Queue | Villager (Male) |
| 21:43 | Queue | Villager (Male) |
| 21:54 | Build | House |
| 21:55 | Build | House |
| 21:56 | Queue | Villager (Male) |
| 21:57 | Queue | Villager (Male) |
| 22:04 | Queue | Cavalry Archer |
| 22:04 | Queue | Cavalry Archer |
| 22:05 | Queue | Villager (Male) |
| 22:11 | Build | House |
| 22:13 | Build | House |
| 22:15 | Build | House |
| 22:20 | Queue | Villager (Male) |
| 22:24 | Queue | Cavalry Archer |
| 22:24 | Queue | Cavalry Archer |
| 22:26 | Research | Bodkin Arrow |
| 22:26 | Research | Bodkin Arrow |
| 22:37 | Build | Archery Range |
| 22:49 | Build | Lumber Camp |
| 22:54 | Queue | Villager (Male) |
| 22:55 | Queue | Villager (Male) |
| 23:02 | Research | Horse Collar |
| 23:14 | Queue | Villager (Male) |
| 23:18 | Queue | Villager (Male) |
| 23:19 | Queue | Villager (Male) |
| 23:22 | Queue | Cavalry Archer |
| 23:22 | Queue | Cavalry Archer |
| 23:25 | Build | Farm |
| 23:26 | Build | Farm |
| 23:26 | Queue | Villager (Male) |
| 23:32 | Queue | Villager (Male) |
| 23:34 | Queue | Villager (Male) |
| 23:42 | Queue | Cavalry Archer |
| 23:43 | Queue | Villager (Male) |
| 23:50 | Build | House |
| 23:52 | Queue | Villager (Male) |
| 23:57 | Queue | Villager (Male) |
| 24:15 | Queue | Cavalry Archer |
| 24:15 | Queue | Cavalry Archer |
| 24:27 | Queue | Villager (Male) |
| 24:28 | Queue | Villager (Male) |
| 24:40 | Queue | Cavalry Archer |
| 24:40 | Queue | Cavalry Archer |
| 24:47 | Queue | Cavalry Archer |
| 24:47 | Queue | Cavalry Archer |
Match timeline
| 4:30 | lapoejs · first_building Barracks |
| 5:33 | lapoejs · wall_segment Palisade Wall x10 |
| 7:09 | lapoejs · wall_segment Palisade Wall x20 |
| 9:21 | ForgeableSum · wall_segment Palisade Wall x1 |
| 9:39 | ForgeableSum · first_building Barracks |
| 9:41 | ForgeableSum · age_up feudal |
| 10:16 | ForgeableSum · wall_segment Palisade Wall x1 |
| 11:05 | ForgeableSum · first_building Stable |
| 14:17 | lapoejs · age_up feudal |
| 16:20 | lapoejs · wall_segment Palisade Wall x1 |
| 16:42 | lapoejs · wall_segment Palisade Wall x1 |
| 17:31 | lapoejs · first_market_sell 100 wood |
| 17:48 | lapoejs · age_up castle |
| 17:56 | lapoejs · first_market_buy 100 food |
| 18:31 | ForgeableSum · first_building Archery Range |
| 20:35 | lapoejs · wall_segment Palisade Wall x1 |
| 21:26 | ForgeableSum · age_up castle |
| 22:22 | lapoejs · first_building Archery Range |
| 22:45 | ForgeableSum · first_market_buy 100 wood |
| 24:07 | lapoejs · wall_segment Palisade Wall x1 |
| 27:26 | ForgeableSum · first_building Castle |
| 27:59 | lapoejs · first_building Castle |
| 30:02 | lapoejs · resign |
[ AI ANALYSIS · 1 CREDIT ]
What really happened in this match?
Wolo.gg analyzes every decision: build order, eco, micro, common mistakes by bracket. Personalized analysis on WhatsApp or Discord in 30 seconds.
Civ guide
Vietnamese
Perfil
Jugador #4142107